 Dungeon Crawl Stone Soup version 0.18.1-50-g88ac8fd (webtiles) character file.

2167 Kurtz the Martial Artist (level 9, 0/63 HPs)
             Began as a Mummy Monk on Aug 8, 2018.
             Killed from afar by a wizard (9 damage)
             ... with a bolt of cold
             ... on level 2 of the Dungeon.
             The game lasted 00:16:44 (22934 turns).

Kurtz the Martial Artist (Mummy Monk)              Turns: 22934, Time: 00:16:45

Health: 0/63       AC:  9    Str: 20    XL:     9   Next: 10%
Magic:  9/9        EV: 15    Int:  9    God:
Gold:   273        SH:  0    Dex: 16    Spells: 0 memorised, 8 levels left

rFire  . . .     SeeInvis .       - Unarmed
rCold  + . .     Gourm    .     (no armour)
rNeg   + + +     Faith    .     (no shield)
rPois  ∞         Spirit   .     p - +2 helmet "Ycsoircheusk" {rPois rF+ rN+ Str+4}
rElec  .         Dismiss  .     (no cloak)
rCorr  .         Reflect  .     (no gloves)
SustAt .         Harm     .     l - +2 pair of boots
MR     +....                    (no amulet)
Stlth  ++........               (no ring)
                                i - +3 ring of protection

@: somewhat resistant to hostile enchantments, unstealthy
A: no food or potions, fire vulnerability, cold resistance 1, negative energy
resistance 3, torment resistance, unbreathing
a: no special abilities


You were on level 2 of the Dungeon.
You were not hungry.

You visited 1 branch of the dungeon, and saw 7 of its levels.

You collected 393 gold pieces.
You spent 120 gold pieces at shops.

Inventory:

Armour
 l - a +2 pair of boots (worn)
 p - the +2 helmet "Ycsoircheusk" (worn) {rPois rF+ rN+ Str+4}
   (You found it on level 7 of the Dungeon)

   It affects your strength (+4).
   It protects you from fire.
   It protects you from poison.
   It protects you from negative energy.
Jewellery
 a - an uncursed ring of ice
 f - an uncursed amulet of faith (quivered) {unknown}
 i - a +3 ring of protection (left hand)
 k - an uncursed ring of ice
Wands
 q - a wand of paralysis (11/24)
Scrolls
 b - 2 scrolls of enchant armour
 c - 4 scrolls of identify
 d - 2 scrolls of teleportation
 e - 2 scrolls of recharging
 g - 3 scrolls of enchant weapon
 h - a scroll of blinking
 m - a scroll of immolation {unknown}
 n - 2 scrolls of remove curse {unknown}
 o - a scroll of noise {unknown}
Books
 j - a book of Fire

   Spells                             Type                      Level
   a - Ignite Poison                  Fire/Transmutation/Poison    3
   b - Fireball                       Conjuration/Fire             5
   c - Bolt of Fire                   Conjuration/Fire             6
   d - Delayed Fireball               Conjuration/Fire             7
   e - Ring of Flames                 Charms/Fire                  7


   Skills:
 - Level 3.0 Fighting
 - Level 4.9 Dodging
 - Level 2.7 Stealth
 * Level 9.5 Unarmed Combat


You had 8 spell levels left.
You didn't know any spells.

Dungeon Overview and Level Annotations

Branches:
Dungeon (7/15)
 Temple: D:4-7

Altars:
Ashenzari
Cheibriados
Dithmenos
Elyvilon
Fedhas
Nemelex Xobeh
Okawaru
Trog
Yredelemnul
Zin
The Shining One

Shops:
D:4 **

Annotations:
D:1 !no
D:5 exclusion: 2 downstairs
D:6 1 exclusion, Sabo's ghost, novice HuBe
D:7 exclusions: ugly thing and wasp


Innate Abilities, Weirdness & Mutations

You do not eat or drink.
Your flesh is vulnerable to fire.
You are immune to poison.
Your flesh is cold resistant.
You are immune to negative energy.
You are immune to unholy pain and torment.
You can survive without breathing.


Message History

The wizard hits you with a dagger.
* * * LOW HITPOINT WARNING * * *
You barely miss the wizard.
The wizard is moderately wounded.
The wizard hits you with a dagger.
* * * LOW HITPOINT WARNING * * *
You completely miss the wizard.
The wizard is moderately wounded.
You miss the wizard.
The wizard is moderately wounded.
The wizard shouts, "Entram moth deg ulag!"
The wizard barely misses you.
You barely miss the wizard.
The wizard is moderately wounded.
The wizard barely misses you.
You hit the wizard but do no damage. Your punch misses the wizard.
The wizard is lightly wounded.
The wizard gestures at you while chanting.
The bolt of cold hits you! You resist.
You die...

## .## ..## ...#
...# ...# ...#####
######### .....).#
#...@...#
..####.##
#.⌠..p⌠.# .## #..#
#.......# ## ##.#
#.⌠...⌠.# #.###
#.......#
##...###.⌠...⌠.#
#......#.......#
#......####'####
######...........#


You could see a wizard.

Vanquished Creatures
  2 sky beasts
  2 black bears (D:7)
  3 ogres
  A wasp (D:7)
  An ice beast (D:7)
  2 centaurs (D:7)
  2 giant frogs (D:7)
  A gnoll sergeant (D:7)
  A howler monkey (D:5)
  3 crimson imps
  A hound (D:4)
  2 iguanas
  5 orc priests
  A giant frog skeleton (D:5)
  9 worker ants
  4 orc wizards
  2 worker ant zombies
  7 gnolls (D:7)
  8 adders
  2 adder zombies
  An adder skeleton (D:1)
  5 worms
  4 dart slugs
  7 giant geckos
  18 orcs
  9 bats
  4 giant cockroaches
  9 hobgoblins
  8 jackals (D:1)
  2 quokkas
  2 giant gecko skeletons
  10 giant newts
  5 goblins
  9 kobolds
  6 rats
158 creatures vanquished.

Vanquished Creatures (others)
  A bush (D:7)
1 creature vanquished.

Grand Total: 159 creatures vanquished

Notes
Turn   | Place    | Note
--------------------------------------------------------------
     0 | D:1      | Kurtz the Mummy Monk began the quest for the Orb.
     0 | D:1      | Reached XP level 1. HP: 18/18 MP: 1/1
   301 | D:1      | Reached XP level 2. HP: 17/24 MP: 2/2
  2588 | D:1      | Reached skill level 4 in Unarmed Combat
  2804 | D:1      | Reached XP level 3. HP: 17/29 MP: 3/3
  4293 | D:2      | Found a snail-covered altar of Cheibriados.
  4511 | D:2      | Reached XP level 4. HP: 35/35 MP: 4/4
  4533 | D:2      | Found a shadowy altar of Dithmenos.
  4885 | D:3      | Found a glowing golden altar of the Shining One.
  5137 | D:3      | Found a blossoming altar of Fedhas.
  5205 | D:3      | Reached skill level 5 in Unarmed Combat
  5315 | D:3      | HP: 1/35 [orc wizard/enchanted dagger (5)]
  5320 | D:3      | Reached XP level 5. HP: 2/41 MP: 5/5
 12075 | D:1      | Noticed an orc warrior
 14199 | D:1      | Noticed a sky beast
 14375 | D:4      | Found Goserr's Assorted Antiques.
 14378 | D:4      | Bought a glowing hat for 120 gold pieces
 14989 | D:4      | Reached skill level 6 in Unarmed Combat
 14989 | D:4      | Reached XP level 6. HP: 40/47 MP: 6/6
 15357 | D:4      | Found a sparkling altar of Nemelex Xobeh.
 15462 | D:4      | Found Zin's Purification Station.
 15465 | D:4      | Found a glowing silver altar of Zin.
 16026 | D:5      | Entered Level 5 of the Dungeon
 16203 | D:5      | Noticed a sky beast
 17004 | D:2      | Killed a sky beast
 17760 | D:5      | Found a white marble altar of Elyvilon.
 17783 | D:5      | Reached XP level 7. HP: 45/52 MP: 7/7
 17813 | D:5      | Reached skill level 7 in Unarmed Combat
 18869 | D:6      | Found an iron altar of Okawaru.
 19102 | D:6      | Noticed Sabo's ghost (novice HuBe)
 19645 | D:7      | Found a bloodstained altar of Trog.
 19680 | D:7      | Reached skill level 8 in Unarmed Combat
 19680 | D:7      | Reached XP level 8. HP: 49/58 MP: 8/8
 19977 | D:7      | Got a jewelled helmet
 19988 | D:7      | Identified the +2 helmet "Ycsoircheusk" {rPois rF+ rN+ Str+4} (You found it on level 7 of the Dungeon)
 20233 | D:7      | Found a basalt altar of Yredelemnul.
 20413 | D:7      | Noticed a green ugly thing
 21067 | D:7      | Found a shattered altar of Ashenzari.
 21127 | D:7      | Reached skill level 9 in Unarmed Combat
 21515 | D:7      | Reached XP level 9. HP: 29/63 MP: 9/9
 22117 | D:6      | not dyin
 22915 | D:1      | Noticed a wizard
 22934 | D:2      | Killed from afar by a wizard

Skill      XL: |  1  2  3  4  5  6  7  8 |
---------------+-------------------------+-----
Unarmed Combat | 4 5 6 8 9 |  9.5
Dodging        | 3 4 |  4.9
Stealth        | 2 |  2.7
Fighting       | |  3.0

Action                   |  1- 3 |  4- 6 |  7- 9 || total
-------------------------+-------+-------+-------++-------
Melee: Unarmed           |   187 |   261 |   333 ||   781
       Punch             |     3 |     6 |    17 ||    26
  Use: Scroll            |       |     5 |     1 ||     6
 Stab: Sleeping          |     5 |     5 |       ||    10
       Distracted        |       |       |     1 ||     1
Armor: Skin              |       |    42 |    83 ||   125
Dodge: Dodged            |   147 |   135 |   180 ||   462
